Map: Arctic Dream LE

Players

vip - Winner!

  • Race: Terran Terran
  • League: Diamond
  • Spawn Location: 6:00

RastaMan - Winner!

  • Race: Zerg Zerg
  • League: Gold
  • Spawn Location: 5:00

Massa

  • Race: Terran Terran
  • League: Platinum
  • Spawn Location: 12:00

qqq

  • Race: Zerg Zerg
  • League: Platinum
  • Spawn Location: 11:00

VOD

Have the link to the VOD?

Description

Time

  • Played on: Jan. 12, 2021, 10:14 a.m.
  • Length: 8:03
Show
View Real Time Build Order
Export as new Build Order

vip Terran - Winner!

Build Orders: Reaper Expand 

Get SALT Encoding   

  12  0:00  SCV  
  13  0:12  SCV  
  14  0:18  Supply Depot  
  14  0:27  SCV  
  15  0:40  SCV  
  15  0:41  Barracks  
  16  0:47  Refinery  
  16  0:52  SCV  
  17  1:04  SCV  
  18  1:16  SCV  
  19  1:30  Orbital Command  
  19  1:31  Reaper  
  20  1:52  Command Center  
  20  1:57  SCV  
  21  2:07  Factory  
  21  2:12  Supply Depot  
  21  2:15  SCV  
  22  2:18  Refinery  
  22  2:27  SCV  
  23  2:39  SCV  
  23  2:42  Barracks Reactor  
  24  2:51  SCV  
  25  2:56  Hellion  
  26  3:03  SCV  
  26  3:04  Orbital Command  
  27  3:14  Barracks x2  
  27  3:15  Barracks  
  27  3:23  SCV  
  27  3:26  Barracks Tech Lab  
  30  3:27  Hellion  
  30  3:31  Hellion  
  32  3:36  SCV x2  
  36  3:48  Hellion  
  36  3:52  Hellion  
  39  3:55  SCV x2  
  40  4:02  Stimpack  
  40  4:07  SCV x2  
  44  4:10  Hellion  
  44  4:13  Barracks Reactor x2  
  45  4:19  Barracks Tech Lab, Hellion  
  46  4:26  SCV x2  
  46  4:36  Supply Depot x2  
  46  4:43  Starport  
  46  4:49  Refinery  
  46  4:51  Refinery  
  46  4:52  Engineering Bay x2  
  46  4:57  Marine x6  
  46  4:58  SCV x2, Combat Shield  
  50  5:10  SCV  
  50  5:11  SCV  
  50  5:15  Marine x3  
  50  5:19  Marine x2  
  51  5:22  SCV, Marine  
  51  5:25  Terran Infantry Armor Level 1, Terran Infantry Weapons Level 1  
  51  5:29  SCV  
  51  5:33  Marine  
  51  5:35  Medivac x2  
  57  5:39  Marine x2  
  57  5:40  Supply Depot x2  
  57  5:42  Marine x2  
  60  5:43  Marine  
  62  5:52  Armory  
  62  5:58  Supply Depot  
  62  6:01  SCV x2, Marine x3  
  67  6:04  Marine  
  67  6:05  Marine x2  
  67  6:10  Medivac x2  
  74  6:13  SCV  
  75  6:19  Marine x2  
  75  6:22  Marine x2  
  79  6:29  Supply Depot  
  79  6:30  Marine x2, Supply Depot  
  81  6:37  Marine  
  80  6:43  Medivac x2  
  80  6:46  SCV x2  
  86  6:54  Marine  
  86  6:55  Marine x3  
  86  7:01  Marine x2  
  91  7:05  Command Center  
  91  7:07  Supply Depot  
  91  7:08  Supply Depot  
  92  7:12  Marine x2  
  92  7:13  Marine x2, Medivac  
  92  7:14  Medivac  
  99  7:33  Marine x3  
  93  7:37  Marine x3  
Show
View Real Time Build Order
Export as new Build Order

RastaMan Zerg - Winner!

Build Orders: Pool First 

Get SALT Encoding   

  12  0:18  Spawning Pool  
  11  0:22  Drone  
  12  0:34  Drone  
  13  0:38  Drone  
  13  0:40  Overlord  
  14  1:01  Drone  
  15  1:05  Zergling x2  
  15  1:06  Queen  
  15  1:07  Zergling x2  
  19  1:22  Drone  
  20  1:32  Drone  
  20  1:36  Extractor  
  20  1:53  Zergling x4  
  22  2:01  Overlord  
  22  2:20  Drone x3  
  22  2:21  Drone  
  26  2:45  Drone x2  
  26  2:50  Hatchery  
  27  2:58  Zergling x2  
  28  3:03  Zergling x2  
  28  3:08  Queen  
  30  3:18  Zergling x2  
  30  3:19  Metabolic Boost  
  30  3:22  Overlord  
  28  3:56  Zergling x8  
  28  4:00  Baneling Nest  
  31  4:08  Zergling x4  
  31  4:09  Zergling x4  
  35  4:10  Zergling x2  
  27  4:24  Zergling x2  
  28  4:33  Queen  
  30  4:40  Drone  
  30  4:42  Drone x3  
  30  4:44  Queen  
  30  4:45  Extractor  
  35  4:49  Zergling x4  
  35  4:50  Zergling x2  
  38  4:53  Drone  
  38  4:58  Evolution Chamber  
  37  5:15  Zergling x6  
  37  5:27  Drone x2  
  37  5:28  Drone, Roach Warren  
  34  5:39  Zerg Ground Armor Level 1  
  34  5:43  Zergling x2  
  34  5:44  Zergling x4  
  34  5:45  Evolution Chamber  
  34  5:47  Baneling x3  
  34  5:49  Lair  
  36  5:50  Drone x2  
  36  5:55  Drone  
  38  6:07  Zergling x2  
  38  6:08  Zergling x4  
  33  6:22  Zergling x4  
  33  6:23  Zergling x2  
  33  6:24  Roach x2  
  27  6:36  Zergling x4  
  27  6:37  Zergling x4  
  29  6:44  Spine Crawler  
  29  6:45  Spine Crawler  
  27  6:51  Roach x2  
  31  6:54  Zergling x2  
  31  6:55  Baneling x2  
  31  6:56  Baneling  
  31  6:59  Drone  
  33  7:04  Roach  
  33  7:05  Zergling x2  
  33  7:06  Zergling x4  
  38  7:10  Baneling  
  38  7:11  Baneling  
  38  7:30  Roach x2  
  38  7:34  Overlord  
Show
View Real Time Build Order
Export as new Build Order

Massa Terran 

Build Orders:  

Get SALT Encoding   

  12  0:00  SCV  
  13  0:12  SCV  
  14  0:17  Supply Depot  
  14  0:24  SCV  
  15  0:39  SCV  
  15  0:41  Barracks  
  16  0:46  Refinery  
  16  0:54  Refinery  
  16  1:08  SCV  
  17  1:20  SCV  
  18  1:32  Barracks  
  18  1:37  Supply Depot  
  18  1:44  Reaper  
  19  1:49  SCV  
  19  2:08  Factory  
  19  2:17  Reaper  
  19  2:20  Reaper  
  19  2:22  Orbital Command  
  19  2:49  Reaper  
  19  2:57  Hellion  
  21  3:01  SCV  
  22  3:13  SCV  
  22  3:18  Hellion  
  25  3:25  SCV  
  26  3:42  Factory Tech Lab  
  26  3:52  Command Center  
  26  3:54  Reaper  
  27  4:13  Hellion  
  22  4:34  Hellion  
  24  4:42  SCV  
  25  4:47  Marine x2  
  27  4:54  SCV  
  27  4:57  Starport  
  28  5:00  Barracks  
  28  5:03  Hellion  
  28  5:05  Marine x2  
  28  5:06  SCV  
  33  5:29  Marine x2  
  35  5:41  Siege Tank  
  35  5:42  SCV  
  39  5:45  Orbital Command  
  39  5:49  Liberator  
  42  5:55  Barracks Tech Lab  
  31  6:38  Barracks Reactor  
  31  6:40  Medivac  
  31  6:46  Marauder, Marine  
  36  6:48  SCV x2  
  36  6:53  Refinery x2  
  38  6:58  Engineering Bay  
  38  7:00  Widow Mine, SCV, Engineering Bay  
  38  7:01  SCV  
  42  7:03  Marine  
  42  7:07  Marauder  
  45  7:19  Marine  
  45  7:20  Marine, Medivac  
  46  7:30  Marine  
  46  7:33  Marauder  
  41  7:39  Marine  
  41  7:40  Marine  
Show
View Real Time Build Order
Export as new Build Order

qqq Zerg 

Build Orders: Hatch First 

Get SALT Encoding   

  12  0:00  Drone  
  13  0:08  Drone  
  14  0:19  Overlord  
  14  0:44  Hatchery  
  14  0:47  Drone  
  14  0:54  Drone  
  14  0:56  Drone  
  16  1:02  Drone  
  17  1:17  Extractor  
  17  1:25  Spawning Pool  
  16  1:32  Extractor  
  15  1:33  Drone x3  
  18  1:46  Overlord  
  18  2:13  Zergling x4  
  18  2:14  Zergling x4  
  18  2:15  Queen  
  22  2:16  Queen  
  22  2:19  Drone  
  22  2:20  Zergling x2  
  28  2:28  Spine Crawler  
  27  2:31  Zergling x2  
  28  2:38  Metabolic Boost  
  28  2:44  Drone  
  28  2:46  Drone  
  28  2:50  Drone  
  31  3:09  Drone x2  
  31  3:10  Drone  
  31  3:11  Roach Warren  
  33  3:15  Drone  
  33  3:16  Zergling x2  
  35  3:22  Overlord  
  35  3:26  Zergling x2  
  36  3:37  Overlord  
  36  3:38  Overlord  
  36  3:44  Lair  
  36  3:51  Zergling x2  
  36  3:52  Roach  
  38  4:10  Zergling x6  
  38  4:11  Zergling x2  
  38  4:12  Roach x3  
  46  4:18  Zergling x2  
  46  4:19  Roach  
  46  4:20  Zergling x2  
  47  4:30  Roach  
  49  4:31  Drone, Roach  
  50  4:39  Drone x2  
  50  4:45  Overlord  
  52  4:58  Glial Reconstitution  
  50  5:27  Roach x3  
  56  5:28  Drone x3  
  56  5:29  Drone x3  
  56  5:32  Extractor  
  60  5:39  Overlord, Roach x2  
  60  5:41  Drone  
  65  5:46  Hatchery  
  64  5:52  Zergling x6  
  65  6:16  Roach x2  
  59  6:43  Roach x3  
  59  6:44  Drone x3  
  59  6:45  Drone x5  
  69  6:50  Baneling Nest  
  69  6:53  Extractor  
  67  6:55  Drone x2, Spore Crawler  
  67  6:56  Drone  
  67  6:57  Drone x2, Spore Crawler  
  67  6:59  Spore Crawler  
  69  7:04  Drone  
  69  7:06  Roach  
  72  7:14  Drone x5  
  77  7:19  Extractor  
  74  7:33  Roach x5  
  74  7:34  Roach x2  
  67  7:37  Zergling x4  
Tags
 
Add a new tag
Caveats
  • Supply blocks, unpowered buildings, or Contaminate may cause inaccurate times.
  • Supply counts are checked every 10 seconds.